TOP OF THE 1ST |
Annapolis Admirals batting - Pitching for Tucson Toros : RHP Torren Orji
|
Pitching: RHP Torren Orji
|
|
Batting: RHB Oscar Wilson
|
0-0: Ball 1-0: Ball 2-0: Ball 3-0: Called Strike 3-1: Foul Ball, location: 2F 3-2: Ground out 4-3 (Groundball, 4, EV 91.9 MPH)
|
Batting: RHB Alden Bradley
|
0-0: Foul Ball, location: 2F 0-1: Ball 1-1: Foul Ball, location: 2F 1-2: Strikes out looking
|
Batting: RHB Mason Severance
|
0-0: Foul Ball, location: 2F 0-1: Ball 1-1: Called Strike 1-2: Foul Ball, location: 2F 1-2: Strikes out swinging
|
Top of the 1st over - 0 runs, 0 hits, 0 errors, 0 left on base; Annapolis 0 - Tucson 0 |
BOTTOM OF THE 1ST |
Tucson Toros batting - Pitching for Annapolis Admirals : RHP Murray Williams
|
Pitching: RHP Murray Williams
|
|
Batting: RHB Kenny West
|
0-0: Called Strike 0-1: Ball 1-1: Ball 2-1: Ball 3-1: Foul Ball, location: 2F 3-2: Base on Balls
|
Batting: LHB John McIntyre
|
0-0: Ball Kenny West is caught stealing 2nd base 2-6 1-0: Ball 2-0: Foul Ball, location: 2F 2-1: Ball 3-1: SINGLE (Groundball, 34D, EV 96.9 MPH)
|
Batting: LHB Joseph Llamas
|
0-0: Called Strike 0-1: Foul Ball, location: 2F 0-2: Ball 1-2: Ball 2-2: Fly out, F8 (Flyball, 8RD, EV 82.5 MPH)
|
Batting: LHB Lukas Hart
|
0-0: Ball 1-0: Foul Ball, location: 2F 1-1: Foul Ball, location: 2F 1-2: Fly out, F7 (Line Drive, 78D, EV 93.1 MPH)
|
Bottom of the 1st over - 0 runs, 1 hit, 0 errors, 1 left on base; Annapolis 0 - Tucson 0 |
TOP OF THE 2ND |
Annapolis Admirals batting - Pitching for Tucson Toros : RHP Torren Orji
|
Batting: LHB Aiden Hill
|
0-0: Foul Ball, location: 2F 0-1: Ball 1-1: Ball 2-1: Ground out 1-3 (Groundball, 13, EV 68.8 MPH)
|
Batting: SHB Conor Coleman
|
0-0: Called Strike 0-1: Swinging Strike 0-2: Ball 1-2: Strikes out looking
|
Batting: LHB Charlie Estes
|
0-0: Called Strike 0-1: Ball 1-1: Ball 2-1: Swinging Strike 2-2: Strikes out swinging
|
Top of the 2nd over - 0 runs, 0 hits, 0 errors, 0 left on base; Annapolis 0 - Tucson 0 |
BOTTOM OF THE 2ND |
Tucson Toros batting - Pitching for Annapolis Admirals : RHP Murray Williams
|
Batting: RHB Braden Sacks
|
0-0: Ball 1-0: Swinging Strike 1-1: Foul Ball, location: 2F 1-2: Ball 2-2: TRIPLE (Line Drive, 9D, EV 110.0 MPH)
|
Batting: RHB Erik Peterson
|
0-0: Ball 1-0: Swinging Strike 1-1: Swinging Strike 1-2: Ball 2-2: Foul Ball, location: 2F 2-2: Ball 3-2: Base on Balls
|
Batting: LHB Vince Ridgway
|
0-0: Called Strike 0-1: Fly out, F9 (Flyball, 9LSF, EV 95.0 MPH)
|
Batting: RHB Kyle Long
|
0-0: Called Strike 0-1: Fly out, F7 (Flyball, 7, EV 88.1 MPH) Runner from 3rd tags up, SCORES, throw by LF
|
Batting: RHB Preston Horner
|
0-0: Ball 1-0: Ball 2-0: SINGLE (Line Drive, 56D, EV 95.0 MPH) Erik Peterson to second
|
Batting: RHB Kenny West
|
0-0: Ground out 5-3 (Groundball, 56S, EV 70.0 MPH)
|
Bottom of the 2nd over - 1 run, 2 hits, 0 errors, 2 left on base; Annapolis 0 - Tucson 1 |
TOP OF THE 3RD |
Annapolis Admirals batting - Pitching for Tucson Toros : RHP Torren Orji
|
Batting: RHB Brian Williamson
|
0-0: Called Strike 0-1: Foul Ball, location: 2F 0-2: Ball 1-2: Ball 2-2: Foul Ball, location: 2F 2-2: Strikes out looking
|
Batting: SHB Jared Manning
|
0-0: Ball 1-0: Fly out, F7 (Flyball, 7S, EV 90.6 MPH)
|
Batting: SHB Kenny Goss
|
0-0: Ball 1-0: Foul Ball, location: 2F 1-1: Foul Ball, location: 2F 1-2: Foul Ball, location: 2F 1-2: Strikes out looking
|
Top of the 3rd over - 0 runs, 0 hits, 0 errors, 0 left on base; Annapolis 0 - Tucson 1 |
BOTTOM OF THE 3RD |
Tucson Toros batting - Pitching for Annapolis Admirals : RHP Murray Williams
|
Batting: LHB John McIntyre
|
0-0: Called Strike 0-1: Called Strike 0-2: Ball 1-2: Ball 2-2: Foul Ball, location: 2F 2-2: Foul Ball, location: 2F 2-2: Ball 3-2: Foul Ball, location: 2F 3-2: Ground out 6-3 (Groundball, 6M, EV 82.5 MPH)
|
Batting: LHB Joseph Llamas
|
0-0: Ball 1-0: Called Strike 1-1: SOLO HOME RUN (Flyball, 89XD, EV 115.0 MPH), Distance : 428 ft
|
Batting: LHB Lukas Hart
|
0-0: Foul Ball, location: 2F 0-1: Ball 1-1: Ball 2-1: Fly out, F8 (Flyball, 8LXD, EV 83.1 MPH)
|
Batting: RHB Braden Sacks
|
0-0: DOUBLE (Line Drive, 9LM, EV 98.1 MPH)
|
Batting: RHB Erik Peterson
|
0-0: Ball 1-0: Foul Ball, location: 2F 1-1: Ball 2-1: Foul Ball, location: 2F 2-2: Ball 3-2: 2-RUN HOME RUN (Flyball, 7D, EV 98.1 MPH), Distance : 380 ft
|
Batting: LHB Vince Ridgway
|
0-0: Ground out 4-3 (Groundball, 4, EV 91.2 MPH)
|
Bottom of the 3rd over - 3 runs, 3 hits, 0 errors, 0 left on base; Annapolis 0 - Tucson 4 |
TOP OF THE 4TH |
Annapolis Admirals batting - Pitching for Tucson Toros : RHP Torren Orji
|
Batting: RHB Oscar Wilson
|
0-0: Foul Ball, location: 2F 0-1: Fly out, F7 (Flyball, 78S, EV 88.8 MPH)
|
Batting: RHB Alden Bradley
|
0-0: Swinging Strike 0-1: Ball 1-1: Ball 2-1: SINGLE (Line Drive, 78S, EV 105.6 MPH)
|
Batting: RHB Mason Severance
|
0-0: Foul Ball, location: 2F 0-1: Swinging Strike 0-2: Ball Alden Bradley is caught stealing 2nd base 2-4 1-2: Fly out, F7 (Flyball, 78S, EV 90.6 MPH)
|
Top of the 4th over - 0 runs, 1 hit, 0 errors, 0 left on base; Annapolis 0 - Tucson 4 |
BOTTOM OF THE 4TH |
Tucson Toros batting - Pitching for Annapolis Admirals : RHP Murray Williams
|
Batting: RHB Kyle Long
|
0-0: Called Strike 0-1: Foul Ball, location: 2F 0-2: Strikes out swinging
|
Batting: RHB Preston Horner
|
0-0: Foul Ball, location: 2F 0-1: Ball 1-1: DOUBLE (Line Drive, 89D, EV 103.8 MPH)
|
Batting: RHB Kenny West
|
0-0: Ground out 6-3 (Groundball, 6, EV 106.9 MPH)
|
Batting: LHB John McIntyre
|
0-0: Called Strike 0-1: Called Strike 0-2: Foul Ball, location: 2F 0-2: Foul Ball, location: 2F 0-2: Ground out U3 (Groundball, 3, EV 88.1 MPH)
|
Bottom of the 4th over - 0 runs, 1 hit, 0 errors, 1 left on base; Annapolis 0 - Tucson 4 |
TOP OF THE 5TH |
Annapolis Admirals batting - Pitching for Tucson Toros : RHP Torren Orji
|
Batting: LHB Aiden Hill
|
0-0: Called Strike 0-1: Ground out 4-3 (Groundball, 34, EV 90.6 MPH)
|
Batting: SHB Conor Coleman
|
0-0: Ball 1-0: Foul Ball, location: 2F 1-1: Ball 2-1: Foul Ball, location: 2F 2-2: Reached on error, E3 (Groundball, 3S, EV 82.5 MPH)
|
Batting: LHB Charlie Estes
|
0-0: Ball 1-0: Called Strike 1-1: Foul Ball, location: 2F 1-2: Strikes out swinging
|
Batting: RHB Brian Williamson
|
0-0: Ball 1-0: Called Strike 1-1: Foul Ball, location: 2F 1-2: Foul Ball, location: 2F 1-2: Ball 2-2: Fly out, F9 (Flyball, 9LM, EV 100.0 MPH)
|
Top of the 5th over - 0 runs, 0 hits, 1 error, 1 left on base; Annapolis 0 - Tucson 4 |
BOTTOM OF THE 5TH |
Tucson Toros batting - Pitching for Annapolis Admirals : RHP Murray Williams
|
Batting: LHB Joseph Llamas
|
0-0: Swinging Strike 0-1: Fly out, F7 (Flyball, 7LD, EV 89.4 MPH)
|
Batting: LHB Lukas Hart
|
0-0: Called Strike 0-1: Ball 1-1: SINGLE (Groundball, 4D, EV 99.4 MPH)
|
Batting: RHB Braden Sacks
|
0-0: Ball 1-0: Ball 2-0: Grounds into double play, 6-4-3 (Groundball, 6, EV 99.4 MPH)
|
Bottom of the 5th over - 0 runs, 1 hit, 0 errors, 0 left on base; Annapolis 0 - Tucson 4 |
TOP OF THE 6TH |
Annapolis Admirals batting - Pitching for Tucson Toros : RHP Torren Orji
|
Batting: SHB Jared Manning
|
0-0: Called Strike 0-1: Fly out, F8 (Flyball, 8LD, EV 91.2 MPH)
|
Batting: SHB Kenny Goss
|
0-0: Called Strike 0-1: Swinging Strike 0-2: Ball 1-2: Ball 2-2: Ground out U3 (Groundball, 3, EV 102.5 MPH)
|
Batting: RHB Oscar Wilson
|
0-0: Foul Ball, location: 2F 0-1: Ball 1-1: Ball 2-1: Swinging Strike 2-2: SINGLE (Line Drive, 9S, EV 105.6 MPH)
|
Pitching: RHP Lucas Gustafson
|
|
Batting: RHB Alden Bradley
|
0-0: Fly out, F9 (Line Drive, 89M, EV 92.5 MPH)
|
Top of the 6th over - 0 runs, 1 hit, 0 errors, 1 left on base; Annapolis 0 - Tucson 4 |
BOTTOM OF THE 6TH |
Tucson Toros batting - Pitching for Annapolis Admirals : RHP Murray Williams
|
Batting: RHB Erik Peterson
|
0-0: Called Strike 0-1: Called Strike 0-2: Ball 1-2: Ball 2-2: Foul Ball, location: 2F 2-2: Ball 3-2: Foul Ball, location: 2F 3-2: Ground out 6-3 (Groundball, 6, EV 78.8 MPH)
|
Batting: LHB Vince Ridgway
|
0-0: Ball 1-0: Foul Ball, location: 2F 1-1: Called Strike 1-2: Strikes out swinging
|
Batting: RHB Kyle Long
|
0-0: Foul Ball, location: 2F 0-1: Ball 1-1: Ball 2-1: SINGLE (Line Drive, 56, EV 103.8 MPH)
|
Pitching: LHP Travis Kastelic
|
|
Batting: RHB Preston Horner
|
0-0: Foul Ball, location: 2F 0-1: Ground out 2-3 (Groundball, 2L, EV 72.5 MPH)
|
Bottom of the 6th over - 0 runs, 1 hit, 0 errors, 1 left on base; Annapolis 0 - Tucson 4 |
TOP OF THE 7TH |
Annapolis Admirals batting - Pitching for Tucson Toros : RHP Lucas Gustafson
|
Batting: RHB Mason Severance
|
0-0: Foul Ball, location: 2F 0-1: Swinging Strike 0-2: Ball 1-2: SINGLE (Groundball, 5S, EV 62.5 MPH) (infield hit)
|
Pinch Runner at 1st Evan Doyon:
|
|
Batting: LHB Aiden Hill
|
0-0: Called Strike 0-1: Swinging Strike 0-2: Ball 1-2: Strikes out swinging
|
Batting: SHB Conor Coleman
|
0-0: Fielders Choice at 2nd, 1-6 (Groundball, 13, EV 68.8 MPH)
|
Batting: LHB Charlie Estes
|
0-0: Ball 1-0: Ball 2-0: Foul Ball, location: 2F 2-1: Foul Ball, location: 2F 2-2: Strikes out looking
|
Top of the 7th over - 0 runs, 1 hit, 0 errors, 1 left on base; Annapolis 0 - Tucson 4 |
BOTTOM OF THE 7TH |
Tucson Toros batting - Pitching for Annapolis Admirals : LHP Travis Kastelic
|
Batting: RHB Kenny West
|
0-0: Called Strike 0-1: Swinging Strike 0-2: Strikes out swinging
|
Batting: LHB John McIntyre
|
0-0: Called Strike 0-1: Ball 1-1: Swinging Strike 1-2: Foul Ball, location: 2F 1-2: Foul Ball, location: 2F 1-2: Ball 2-2: Foul Ball, location: 2F 2-2: Strikes out looking
|
Batting: LHB Joseph Llamas
|
0-0: Ball 1-0: Ball 2-0: Foul Ball, location: 2F 2-1: Called Strike 2-2: Foul Ball, location: 2F 2-2: Ground out 1-3 (Groundball, 13S, EV 71.9 MPH)
|
Bottom of the 7th over - 0 runs, 0 hits, 0 errors, 0 left on base; Annapolis 0 - Tucson 4 |
TOP OF THE 8TH |
Annapolis Admirals batting - Pitching for Tucson Toros : RHP Lucas Gustafson
|
Batting: RHB Brian Williamson
|
0-0: Ball 1-0: Called Strike 1-1: Fly out, F8 (Flyball, 89M, EV 90.6 MPH)
|
Batting: SHB Jared Manning
|
0-0: Foul Ball, location: 2F 0-1: Swinging Strike 0-2: Ball 1-2: Ball 2-2: Fly out, F8 (Line Drive, 8RD, EV 96.9 MPH)
|
Batting: SHB Kenny Goss
|
0-0: Called Strike 0-1: Ball 1-1: Ball 2-1: Swinging Strike 2-2: Ball 3-2: Strikes out swinging
|
Top of the 8th over - 0 runs, 0 hits, 0 errors, 0 left on base; Annapolis 0 - Tucson 4 |
BOTTOM OF THE 8TH |
Tucson Toros batting - Pitching for Annapolis Admirals : LHP Travis Kastelic
|
Batting: LHB Lukas Hart
|
0-0: Ball 1-0: Called Strike 1-1: Ball 2-1: Foul Ball, location: 2F 2-2: Ground out U3 (Groundball, 34, EV 90.6 MPH)
|
Batting: RHB Braden Sacks
|
0-0: Called Strike 0-1: Called Strike 0-2: Ball 1-2: Foul Ball, location: 2F 1-2: Ball 2-2: Ground out 6-3 (Groundball, 6, EV 100.0 MPH)
|
Batting: RHB Erik Peterson
|
0-0: Ball 1-0: Swinging Strike 1-1: Swinging Strike 1-2: Foul Ball, location: 2F 1-2: Foul Ball, location: 2F 1-2: Ball 2-2: SINGLE (Line Drive, 89M, EV 110.0 MPH)
|
Batting: LHB Vince Ridgway
|
0-0: Called Strike 0-1: Ball 1-1: Fly out, F7 (Line Drive, 7, EV 90.0 MPH)
|
Bottom of the 8th over - 0 runs, 1 hit, 0 errors, 1 left on base; Annapolis 0 - Tucson 4 |
TOP OF THE 9TH |
Annapolis Admirals batting - Pitching for Tucson Toros : RHP Lucas Gustafson
|
Batting: RHB Oscar Wilson
|
0-0: Called Strike 0-1: Ball 1-1: Foul Ball, location: 2F 1-2: Ball 2-2: Foul Ball, location: 2F 2-2: SINGLE (Line Drive, 8RS, EV 91.2 MPH)
|
Batting: RHB Alden Bradley
|
0-0: Fly out, F3 (Popup, 3SF, EV 82.5 MPH)
|
Batting: SHB Evan Doyon
|
0-0: Called Strike 0-1: Foul Ball, location: 2F 0-2: Strikes out swinging
|
Batting: LHB Aiden Hill
|
0-0: Ball 1-0: Ball 2-0: Foul Ball, location: 2F 2-1: Foul Ball, location: 2F 2-2: Ground out 1-3 (Groundball, 13S, EV 70.6 MPH)
|
Top of the 9th over - 0 runs, 1 hit, 0 errors, 1 left on base; Annapolis 0 - Tucson 4 |
|